 Dungeon Sprint DCSS version 0.30.1-9-gdf580d7c3d (webtiles) character file.

Game seed: 7358534206298732195

65 Heoruswealwe the Poker (level 3, -1/37 HPs)
             Began as a Minotaur Fighter on Oct 23, 2023.
             Slain by an acid dragon (3 damage)
             ... in the Dungeon (Sprint IX: "|||||||||||||||||||||||||||||").
             The game lasted 00:01:01 (101 turns).

Heoruswealwe the Poker (Minotaur Fighter)            Turns: 101, Time: 00:01:01

Health: -1/37      AC:  3    Str: 22    XL:     3   Next: 94%
Magic:  2/2        EV:  9    Int:  5    God:
Gold:   0          SH:  4    Dex:  9    Spells: 2/2 levels left

rFire   . . .        a - +0 trident
rCold   . . .        d - +0 buckler
rNeg    . . .        c - +0 scale mail
rPois   .            (helmet restricted)
rElec   .            (no cloak)
rCorr   .            (no gloves)
SInv    .            (no boots)
Will    .....        (no amulet) Stlth
                     (no ring)
HPRegen 0.26/turn    (no ring)
MPRegen 0.08/turn

%: no teleportation
@: corroded
A: horns 2, retaliatory headbutt
a: no special abilities


You were in the Dungeon.
You visited 1 branch

Inventory:

Hand Weapons
 a - a +0 trident (weapon)
Armour
 c - a +0 scale mail (worn)
 d - a +0 buckler (worn)
Jewellery
 k - a +3 ring of strength
 l - a +3 ring of intelligence
Wands
 h - a wand of roots (10)
Scrolls
 j - 2 scrolls of blinking
Potions
 b - a potion of might
 e - 2 potions of heal wounds
 f - 4 potions of curing
 g - a potion of haste
 i - a potion of berserk rage


   Skills:
 + Level 5.8 Fighting
 * Level 6.9 Polearms
 + Level 5.8 Armour
 - Level 3.6 Shields


You had 2 spell levels left.
You didn't know any spells.
Your spell library was empty.

Dungeon Overview and Level Annotations

Branches:
Dungeon (1/1)

Altars:
Cheibriados
Dithmenos
Elyvilon
Fedhas
Gozag
Hepliaklqana
Kikubaaqudgha
Makhleb
Nemelex Xobeh
Okawaru
Qazlal
Ru
Sif Muna
Trog
Uskayaw
Vehumet
Wu Jian
Xom
Yredelemnul
Zin
The Shining One
Jiyva
Lugonu


Innate Abilities, Weirdness & Mutations

You have a pair of horns on your head.
You reflexively headbutt those who attack you in melee.


Message History

2 potions of magic; a potion of invisibility
Found a +3 ring of intelligence.
j - 2 scrolls of blinking (gained 1)
You see here 2 scrolls of amnesia.
h - a wand of roots (10)
Items here: )))))).
Okay, then.
You see here a +0 pair of gloves.
You see here a +0 pair of gloves.
You see here a +0 plate armour.
k - a +3 ring of strength
l - a +3 ring of intelligence You open the door.
A centaur, a howler monkey, 2 trolls and an acid dragon come into view.
The troll shouts!
The centaur shouts!
The troll shouts!
The acid dragon roars!
The howler monkey hoots and howls with incredible vigour!
You barely miss the acid dragon. Your headbutt misses the acid dragon.
The acid dragon spits acid at you. The splash of acid hits you!!
Ouch! That really hurt!
The acid corrodes you!
The howler monkey hoots and howls with incredible vigour!
You hear a horrible gurgling sound!
You closely miss the acid dragon. You block the acid dragon's attack.
The acid dragon claws you.
You hit the acid dragon.
The acid dragon is lightly wounded.
The acid dragon closely misses you. You furiously retaliate!
You headbutt the acid dragon, but do no damage.
The acid dragon claws you but does no damage.
You barely miss the acid dragon. You headbutt the acid dragon.
The acid dragon is moderately wounded.
The acid dragon bites you!
* * * LOW HITPOINT WARNING * * *
The acid dragon claws you.
* * * LOW HITPOINT WARNING * * *
You hit the acid dragon.
The acid dragon is heavily wounded.
The acid dragon bites you.
You die...

▓.▓
▓T▓
▓c▓
▓.▓
▓h▓
▓T▓
▓D▓
▓@▓
▓.▓
▓[▓
▓[▓
▓[▓
▓.▓
▓)▓
▓?▓
▓!▓


You could see 2 trolls, an acid dragon, a centaur and a howler monkey.

Vanquished Creatures
  An iguana (D)
  An orc wizard (D)
  An ufetubus (D)
  A dart slug (D)
  2 orcs (D)
  3 bats (D)
  A rat (D)
10 creatures vanquished.

Notes
Turn   | Place    | Note
-------+----------+-------------------------------------------
     0 | D        | Heoruswealwe the Minotaur Fighter began the quest for the
                  | Orb.
     0 | D        | Reached XP level 1. HP: 19/19 MP: 0/0
     9 | D        | Reached skill level 3 in Polearms
    19 | D        | Noticed an orc wizard
    19 | D        | Noticed an iguana
    27 | D        | Killed an iguana
    28 | D        | Reached skill level 5 in Fighting
    28 | D        | Reached skill level 5 in Polearms
    28 | D        | Reached skill level 5 in Armour
    28 | D        | Reached XP level 2. HP: 24/29 MP: 1/1
    28 | D        | Reached XP level 3. HP: 30/36 MP: 2/2
    45 | D        | Reached skill level 6 in Polearms
    54 | D        | Found a snail-covered altar of Cheibriados.
    54 | D        | Found a shadowy altar of Dithmenos.
    54 | D        | Found a white marble altar of Elyvilon.
    54 | D        | Found a blossoming altar of Fedhas.
    54 | D        | Found an opulent altar of Gozag.
    55 | D        | Found a hazy altar of Hepliaklqana.
    56 | D        | Found a viscous altar of Jiyva.
    57 | D        | Found an ancient bone altar of Kikubaaqudgha.
    58 | D        | Found a corrupted altar of Lugonu.
    59 | D        | Found a burning altar of Makhleb.
    60 | D        | Found a sparkling altar of Nemelex Xobeh.
    61 | D        | Found an iron altar of Okawaru.
    62 | D        | Found a stormy altar of Qazlal.
    63 | D        | Found a sacrificial altar of Ru.
    64 | D        | Found a shimmering blue altar of Sif Muna.
    65 | D        | Found a bloodstained altar of Trog.
    66 | D        | Found a hide-covered altar of Uskayaw.
    67 | D        | Found a radiant altar of Vehumet.
    68 | D        | Found an ornate altar of the Wu Jian Council.
    69 | D        | Found a shimmering altar of Xom.
    70 | D        | Found a basalt altar of Yredelemnul.
    71 | D        | Found a glowing silver altar of Zin.
    72 | D        | Found a glowing golden altar of the Shining One.
    96 | D        | Noticed a troll
    96 | D        | Noticed a centaur
    96 | D        | Noticed a troll
    96 | D        | Noticed an acid dragon
   100 | D        | HP: 1/37 [acid dragon (1)]
   101 | D        | Slain by an acid dragon

Illustrated notes

Levels and vault maps discovered:
D:        linesprint [early_d, line_temple, items_1, d_10, items_2, lair_1,
          lair_end, items_3, orc_1, orc_end, items_4, d_15, swamp_1, shoals_1,
          snake_1, spider_1, d_20, vaults_1, items_5, swamp_end, shoals_end,
          snake_end, spider_end, vaults_end, d_27, items_6, zot_1, zot_end,
          crypt_end, forest_end, elf_end, slime_end, tomb_end, abyss_end,
          pan_hell_end]

Skill      XL: |  1  2  3 |
---------------+----------+-----
Polearms       | 5 6 |  6.9
Fighting       | 5 |  5.8
Armour         | 5 |  5.8
Shields        | |  3.6

Action                     || total
---------------------------++-------
  Melee: Trident           ||    39
         Headbutt          ||     6
    Use: Potion            ||     2
 Armour: Scale mail        ||    15
  Dodge: Dodged            ||    10
  Block: Buckler           ||     9
